 Dungeon Sprint DCSS version 0.30-a0-459-g9104f0fc43 (webtiles) character file.

Game seed: 15096099120708226779

165950 BigDaddyOpFi the Hoplite (level 16, -11/180 HPs)
             Began as a Minotaur Fighter on Dec 14, 2022.
             Was the Champion of Qazlal.
             Killed from afar by a tengu reaver (39 damage)
             ... with a bolt of poison
             ... in the Dungeon (Sprint IX: "|||||||||||||||||||||||||||||") on Dec 15, 2022.
             The game lasted 00:20:10 (8371 turns).

BigDaddyOpFi the Hoplite (Minotaur Fighter)         Turns: 8371, Time: 00:20:11

Health: -11/180    AC: 42    Str: 27    XL:     16   Next: 31%
Magic:  16/31      EV: 15    Int:  5    God:    Qazlal [******]
Gold:   1380       SH: 33    Dex: 12    Spells: 15/15 levels left

rFire   . . .      SeeInvis +    m - +14 obsidian axe {vorpal, Mesm Drain Fly SInv}
rCold   . . .      Faith    .    e - +1 tower shield
rNeg    . . .      Spirit   .    C - +10 plate armour
rPois   .          Reflect  .    E - +1 hat
rElec   .          Harm     .    n - +1 cloak {rCorr}
rCorr   +          Rampage  .    D - +1 pair of gloves
Will    +....      NoTele   +    w - +1 pair of boots {Stlth+}
Stlth   ..........               (no amulet)
HPRegen 0.50/turn                x - +2 ring of slaying
MPRegen 0.22/turn                p - +2 ring of evasion

@: lethally poisoned (-11 -> -25), flying, mesmerised, repel missiles
A: horns 2, retaliatory headbutt
}: 3/17 runes: decaying, serpentine, gossamer
a: Renounce Religion, Upheaval, Elemental Force, Disaster Area


You were in the Dungeon.
You worshipped Qazlal.
Qazlal was exalted by your worship.
You visited 1 branch You collected 1912 gold pieces.
You spent 532 gold pieces at shops.

Inventory:

Hand Weapons
 f - the +6 sling "Keng" {drain, rC+}
   (You found it in the Dungeon)

   A truly terrible weapon, it drains the life of any living foe it strikes.
   rC:        It protects you from cold.
 m - the +14 obsidian axe (weapon) {vorpal, Mesm Drain Fly SInv}
   (You found it in the Dungeon)

   It inflicts extra damage upon your enemies.
   It occasionally summons demons to assist the wielder when it strikes in
   combat.
   Its wielder is mesmerised by any visible foes.
   It cannot be unequipped while any foes are visible.
   SInv:      It lets you see invisible.
   Fly:       It grants you flight.
   Drain:     It drains your maximum health when unequipped.
Armour
 e - a +1 tower shield (worn)
 n - a +1 cloak of preservation (worn)
 w - a +1 pair of boots of stealth (worn)
 C - a +10 plate armour (worn)
 D - a +1 pair of gloves (worn)
 E - a +1 hat (worn)
Jewellery
 c - a +6 ring of dexterity
 i - a +6 ring of dexterity
 o - a +2 ring of protection
 p - a +2 ring of evasion (right hand)
 s - a ring of wizardry
 u - a +6 ring of dexterity
 x - a +2 ring of slaying (left hand)
 y - a ring of see invisible
 z - a ring of protection from cold
 A - a ring of protection from fire
 B - a ring of protection from cold
Wands
 l - a wand of acid (10) (quivered)
Scrolls
 j - 6 scrolls of blinking
 k - 2 scrolls of amnesia
 q - 7 scrolls of identify
 r - 3 scrolls of fog
 t - 2 scrolls of enchant weapon
 I - a scroll of fear
Potions
 a - a potion of brilliance
 b - a potion of might
 d - a potion of invisibility
 g - 3 potions of haste
 h - 2 potions of magic
 G - 2 potions of berserk rage
 H - a potion of mutation


   Skills:
 + Level 25.7 Fighting
 + Level 25.7 Axes
 + Level 25.7 Armour
 + Level 12.3 Dodging
 + Level 25.8 Shields
 * Level 24.7 Invocations


You had 15 spell levels left.
You didn't know any spells.
Your spell library was empty.

Dungeon Overview and Level Annotations

Branches:
Dungeon (1/1)

Altars:
Cheibriados
Dithmenos
Elyvilon
Fedhas
Gozag
Hepliaklqana
Kikubaaqudgha
Makhleb
Nemelex Xobeh
Okawaru
Qazlal
Ru
Sif Muna
Trog
Uskayaw
Vehumet
Wu Jian
Xom
Yredelemnul
Zin
The Shining One
Jiyva
Lugonu

Shops:
D [:[?


Innate Abilities, Weirdness & Mutations

You have a pair of horns on your head.
You reflexively headbutt those who attack you in melee.


Message History

The tengu reaver is severely wounded.
You feel very sick. The tengu reaver casts a spell at you.
The bolt of cold hits you!!!
* * * LOW HITPOINT WARNING * * *
The bolt of cold hits your ynoxinul!!
Your ynoxinul resists.
Your ynoxinul dies!
Your ynoxinul disappears in a puff of smoke!
Your ufetubus disappears in a puff of smoke!
A lich comes into view.
You slash the tengu reaver! Your headbutt misses the tengu reaver.
The tengu reaver is severely wounded.
You feel very sick.
The ogre mage hits you but does no damage.
The tengu reaver points at you and mumbles some strange words.
The bolt of acid hits you! You resist.
* * * LOW HITPOINT WARNING * * *
You feel better. You block the tengu reaver's attack. x3
Okay, then.
Activating: Disaster Area (0% risk of failure)
Press: ? - help, Dir - look around, f - activate Nature churns violently around you!
The blast of rubble hits the ironbound preserver!!!
You kill the ironbound preserver!
Qazlal accepts your kill.
The blast of rubble hits the tengu reaver!!
You kill the tengu reaver!
Qazlal accepts your kill.
The blast of rubble hits the ogre mage!!
You kill the ogre mage!
Qazlal accepts your kill.
The cutting wind hits the lich!!!
You destroy the lich!
Qazlal accepts your kill. x2
You feel a bit more experienced.
The tengu reaver points at you and mumbles some strange words.
The bolt of poison hits you!!!
You are poisoned.
You die...

▓▓▓▓▓▓▓▓▓▓▓▓▓▓▓▓▓▓▓▓▓▓▓▓
.55..5)))≈[≈§.§.@Q)))≈§§
▓▓▓▓▓▓▓▓▓▓▓▓▓▓▓▓▓▓▓▓▓▓▓▓▓▓▓▓▓▓▓▓▓
.................................
▓▓▓▓▓▓▓▓▓▓▓▓▓▓▓▓▓▓▓▓▓▓▓▓▓▓▓▓▓▓♣♣♣
..')))).))))....'......≈≈.....'≈.
▓▓▓▓▓▓▓▓▓▓▓▓▓▓▓▓▓▓▓▓▓▓▓▓▓▓▓▓▓▓♣♣♣
..................)..............
▓▓▓▓▓▓▓▓▓▓▓▓▓▓▓▓▓▓▓▓▓▓▓▓▓▓▓▓▓▓▓▓▓
...))))))...[[[[[[....!..!.......


You could see a tengu reaver (mesmerising).

Vanquished Creatures
  Mara (D)
  Saint Roka (D)
  Xtahua (D)
  Jory (D)
  A lich (D)
  Agnes (D)
  3 tengu reavers (D)
  Ilsuiw (D)
  5 nagarajas (D)
  A frost giant (D)
  3 vault wardens (D)
  3 emperor scorpions (D)
  2 ghost moths (D)
  3 ironbound preservers (D)
  An ironbound thunderhulk (D)
  A spriggan defender (D)
  3 very ugly things (D)
  An eleionoma (D)
  3 stone giants (D)
  A deep elf annihilator (D)
  4 dire elephants (D)
  A bunyip (D)
  7 merfolk impalers (D)
  6 ettins (D)
  2 merfolk javelineers (D)
  Josephine (D)
  A yaktaur captain (D)
  An entropy weaver (D)
  A fire dragon (D)
  25 vault guards (D)
  A spriggan air mage (D)
  A rakshasa (D)
  6 ogre magi (D)
  2 merfolk avatars (D)
  A ghost crab (D)
  10 hydras (D)
  An ironbound frostheart (D)
  An anaconda (D)
  3 centaur warriors (D)
  An alligator (D)
  3 merfolk aquamancers (D)
  6 naga warriors (D)
  A spriggan berserker (D)
  2 boulder beetles (D)
  2 deep troll shamans (D)
  A deep troll earth mage (D)
  A naga sharpshooter (D)
  Urug (D)
  A shock serpent (D)
  2 pharaoh ants (D)
  An iron troll (D)
  A sun moth (D)
  6 swamp dragons (D)
  A deep troll (D)
  5 orc knights (D)
  A glowing orange brain (D)
  A lindwurm (D)
  2 ironbound convokers (D)
  A bog body (D)
  A wizard (D)
  3 oklob plants (D)
  A wolf spider (D)
  2 manticores (D)
  A will-o-the-wisp (D)
  2 moths of wrath (D)
  3 cyclopes (D)
  A vault sentinel (D)
  A guardian serpent (D)
  3 black mambas (D)
  4 naga magi (D)
  3 demonic crawlers (D)
  5 komodo dragons (D)
  2 cane toads (D)
  An efreet (D)
  Psyche (D)
  A freezing wraith (D)
  2 tengu conjurers (D)
  A wandering mushroom (D)
  3 tyrant leeches (D)
  6 trolls (D)
  2 wind drakes (D)
  A tarantella (D)
  A merfolk (D)
  A polar bear (D)
  3 slime creatures (D)
  2 blink frogs (D)
  3 snapping turtles (D)
  3 jumping spiders (D)
  A jumping spider (shapeshifter) (D)
  4 yaks (D)
  5 wraiths (D)
  A redback (D)
  A basilisk (D)
  A warg (D)
  A naga (D)
  A water moccasin (D)
  A floating eye (D)
  11 orc warriors (D)
  A swamp drake (D)
  An ice beast (D)
  A wolf (D)
  A centaur (D)
  3 bullfrogs (D)
  A gnoll sergeant (D)
  A killer bee (D)
  A howler monkey (D)
  2 orc priests (D)
  An iguana (D)
  6 orc wizards (D)
  6 worms (D)
  5 orcs (D)
  A ball python (D)
  An endoplasm (D)
  2 bats (D)
  A rat (D)
277 creatures vanquished.

Vanquished Creatures (collateral kills)
  A great orb of eyes (D)
  An orc high priest (D)
  A redback (D)
  An orc warrior (D)
  An orc (D)
5 creatures vanquished.

Vanquished Creatures (others)
  An ice dragon (D)
  A ballistomycete spore (D)
  2 foxfires (D)
4 creatures vanquished.

Grand Total: 286 creatures vanquished

Notes
Turn   | Place    | Note
-------+----------+-------------------------------------------
     0 | D        | BigDaddyOpFi the Minotaur Fighter began the quest for the
                  | Orb.
     0 | D        | Reached XP level 1. HP: 19/19 MP: 0/0
    15 | D        | Noticed an ice beast
    15 | D        | Noticed an iguana
    22 | D        | Killed an ice beast
    23 | D        | Reached skill level 5 in Axes
    23 | D        | Reached XP level 2. HP: 14/31 MP: 1/1
    23 | D        | Reached XP level 3. HP: 17/38 MP: 2/2
    23 | D        | Reached XP level 4. HP: 20/45 MP: 3/3
   346 | D        | Found a snail-covered altar of Cheibriados.
   346 | D        | Found a shadowy altar of Dithmenos.
   346 | D        | Found a white marble altar of Elyvilon.
   346 | D        | Found a blossoming altar of Fedhas.
   346 | D        | Found an opulent altar of Gozag.
   347 | D        | Found a hazy altar of Hepliaklqana.
   348 | D        | Found a viscous altar of Jiyva.
   349 | D        | Found an ancient bone altar of Kikubaaqudgha.
   350 | D        | Found a corrupted altar of Lugonu.
   351 | D        | Found a burning altar of Makhleb.
   352 | D        | Found a sparkling altar of Nemelex Xobeh.
   353 | D        | Found an iron altar of Okawaru.
   354 | D        | Found a stormy altar of Qazlal.
   355 | D        | Found a sacrificial altar of Ru.
   356 | D        | Found a shimmering blue altar of Sif Muna.
   357 | D        | Found a bloodstained altar of Trog.
   358 | D        | Found a hide-covered altar of Uskayaw.
   365 | D        | Became a worshipper of Fedhas Madash
   372 | D        | Found a radiant altar of Vehumet.
   373 | D        | Found an ornate altar of the Wu Jian Council.
   374 | D        | Found a shimmering altar of Xom.
   375 | D        | Found a basalt altar of Yredelemnul.
   376 | D        | Found a glowing silver altar of Zin.
   377 | D        | Found a glowing golden altar of the Shining One.
   385 | D        | Found the +14 obsidian axe {vorpal, Mesm Drain Fly SInv}
   418 | D        | Noticed a centaur
   418 | D        | Noticed a yak
   418 | D        | Noticed a yak
   418 | D        | Noticed a yak
   422 | D        | Reached XP level 5. HP: 52/52 MP: 4/4
   422 | D        | Killed a centaur
   424 | D        | Killed a yak
   424 | D        | Reached * piety under Fedhas
   425 | D        | Reached XP level 6. HP: 58/63 MP: 5/5
   427 | D        | Noticed a smoke demon
   430 | D        | Killed a yak
   431 | D        | Reached XP level 7. HP: 57/71 MP: 6/6
   432 | D        | Killed a yak
   432 | D        | Reached ** piety under Fedhas
   433 | D        | Reached skill level 10 in Fighting
   433 | D        | Reached skill level 10 in Axes
   433 | D        | Reached skill level 10 in Armour
   433 | D        | Reached skill level 10 in Shields
   476 | D        | Noticed a cyclops
   476 | D        | Noticed a basilisk
   476 | D        | Noticed a centaur warrior
   476 | D        | Noticed a cyclops
   476 | D        | Noticed a centaur warrior
   479 | D        | Killed a cyclops
   480 | D        | Reached XP level 8. HP: 82/82 MP: 7/7
   484 | D        | Killed a centaur warrior
   486 | D        | Killed a cyclops
   486 | D        | Reached *** piety under Fedhas
   487 | D        | Reached XP level 9. HP: 77/92 MP: 8/8
   489 | D        | Killed a centaur warrior
   618 | D        | Noticed a black mamba
   618 | D        | Noticed a komodo dragon
   624 | D        | Killed a black mamba
   624 | D        | Reached **** piety under Fedhas
   626 | D        | Noticed a komodo dragon
   627 | D        | Noticed a cane toad
   633 | D        | Killed a komodo dragon
   633 | D        | Reached ***** piety under Fedhas
   639 | D        | Killed a komodo dragon
   640 | D        | Reached XP level 10. HP: 46/104 MP: 9/9
   642 | D        | Killed a cane toad
   953 | D        | Noticed a four-headed hydra
   953 | D        | Noticed a cane toad
   963 | D        | Killed an eight-headed hydra
   964 | D        | Reached skill level 15 in Fighting
   964 | D        | Reached skill level 15 in Armour
   964 | D        | Reached skill level 15 in Shields
   967 | D        | Reached skill level 15 in Axes
   967 | D        | Killed a cane toad
   967 | D        | Reached ****** piety under Fedhas
  1224 | D        | Got the +6 sling "Keng" {drain, rC+}
  1345 | D        | Noticed an ettin
  1353 | D        | Noticed an orc knight
  1355 | D        | Killed an ettin
  1356 | D        | Reached XP level 11. HP: 58/115 MP: 10/10
  1368 | D        | Killed an orc knight
  1767 | D        | Noticed an orc knight
  1767 | D        | Noticed an orc knight
  1774 | D        | Killed an orc knight
  1786 | D        | Killed an orc knight
  1787 | D        | Noticed an orc knight
  1795 | D        | Noticed an orc high priest
  1796 | D        | Noticed a sixfirhy
  1804 | D        | Killed an orc knight
  1805 | D        | Reached skill level 5 in Invocations
  1824 | D        | Killed an orc high priest
  2263 | D        | Found Cothriu's Antique Armour Emporium.
  2263 | D        | Noticed an ogre mage
  2263 | D        | Noticed an ogre mage
  2275 | D        | Killed an ogre mage
  2276 | D        | Found Damibb's Book Shoppe.
  2276 | D        | Noticed an ogre mage
  2280 | D        | Killed an ogre mage
  2281 | D        | Noticed an iron troll
  2286 | D        | Killed an ogre mage
  2287 | D        | Found Geyq's Antique Armour Emporium.
  2288 | D        | Noticed an ogre mage
  2293 | D        | Killed an iron troll
  2294 | D        | Found Cukoklisk's Magic Scroll Shoppe.
  2296 | D        | Killed an ogre mage
  2588 | D        | Fell from the grace of Fedhas
  2588 | D        | Became a worshipper of Qazlal Stormbringer
  3159 | D        | Noticed a deep troll
  3161 | D        | Noticed an ettin
  3171 | D        | Killed a deep troll
  3172 | D        | Reached XP level 12. HP: 105/127 MP: 16/18
  3176 | D        | Reached * piety under Qazlal
  3179 | D        | Killed an ettin
  3194 | D        | Bought a scroll of enchant armour for 97 gold pieces
  3196 | D        | Bought a runed cloak for 142 gold pieces
  3196 | D        | Bought a hat for 76 gold pieces
  3212 | D        | Bought a pair of glowing boots for 217 gold pieces
  3383 | D        | Noticed Josephine
  3388 | D        | Reached skill level 10 in Invocations
  3391 | D        | Reached ** piety under Qazlal
  3399 | D        | Killed Josephine
  3402 | D        | Noticed Psyche
  3408 | D        | Reached *** piety under Qazlal
  3410 | D        | Killed Psyche
  3632 | D        | Noticed an ogre mage
  3634 | D        | Noticed a boulder beetle
  3638 | D        | Killed an ogre mage
  3655 | D        | Noticed an ice dragon
  3657 | D        | Reached **** piety under Qazlal
  3658 | D        | Noticed an ettin
  3660 | D        | Noticed an ettin
  3667 | D        | Noticed a death yak
  3668 | D        | Killed an ice dragon
  3672 | D        | Killed an ettin
  3672 | D        | Reached ***** piety under Qazlal
  3672 | D        | Noticed a deep troll earth mage
  3675 | D        | Killed an ettin
  3675 | D        | Noticed a tengu reaver
  3678 | D        | Killed a boulder beetle
  3689 | D        | Killed a deep troll earth mage
  3689 | D        | HP: 6/129 [tengu reaver/bolt of lightning (16)]
  3691 | D        | Killed a tengu reaver
  4062 | D        | Noticed Saint Roka
  4086 | D        | Killed Saint Roka
  4087 | D        | Reached XP level 13. HP: 45/138 MP: 20/22
  4473 | D        | Noticed Urug
  4480 | D        | Killed Urug
  4497 | D        | Noticed Agnes
  4507 | D        | Killed Agnes
  4550 | D        | Noticed a merfolk impaler
  4565 | D        | Killed a merfolk impaler
  4565 | D        | Reached ****** piety under Qazlal
  4834 | D        | Noticed an emperor scorpion
  4840 | D        | Reached skill level 15 in Invocations
  4844 | D        | Killed an emperor scorpion
  5053 | D        | Noticed a nagaraja
  5063 | D        | Killed a nagaraja
  5261 | D        | Noticed an eleionoma
  5266 | D        | Killed an eleionoma
  5267 | D        | Reached XP level 14. HP: 147/151 MP: 9/25
  5645 | D        | Noticed a frost giant
  5645 | D        | Noticed a brown very ugly thing
  5653 | D        | Killed a frost giant
  5658 | D        | Killed a green very ugly thing
  5660 | D        | Noticed a spriggan defender
  5661 | D        | Noticed a stone giant
  5663 | D        | Noticed a stone giant
  5665 | D        | Killed a spriggan defender
  5667 | D        | Noticed a tengu reaver
  5668 | D        | Noticed a green very ugly thing
  5668 | D        | Noticed a stone giant
  5670 | D        | Killed a stone giant
  5672 | D        | Killed a stone giant
  5676 | D        | Killed a tengu reaver
  5681 | D        | Killed a green very ugly thing
  5685 | D        | Killed a stone giant
  5870 | D        | Noticed a vault warden
  5873 | D        | Noticed an ironbound thunderhulk
  5876 | D        | Killed a vault warden
  5881 | D        | Killed an ironbound thunderhulk
  5899 | D        | Noticed an ironbound preserver
  5904 | D        | Killed an ironbound preserver
  5914 | D        | Noticed a vault warden
  5921 | D        | Noticed a vault warden
  5922 | D        | Noticed an ironbound preserver
  5923 | D        | Killed an ironbound preserver
  5923 | D        | Killed a vault warden
  5923 | D        | Killed a vault warden
  5947 | D        | Noticed a brown very ugly thing
  5955 | D        | Killed a brown very ugly thing
  6337 | D        | Noticed Jory
  6359 | D        | Killed Jory
  6360 | D        | Reached skill level 1 in Dodging
  6538 | D        | Noticed Mara
  6565 | D        | Noticed BigDaddyOpFi's illusion
  6589 | D        | Noticed BigDaddyOpFi's illusion
  6595 | D        | Noticed BigDaddyOpFi's illusion
  6596 | D        | Killed Mara
  6597 | D        | Reached XP level 15. HP: 158/163 MP: 28/28
  6651 | D        | Noticed Ilsuiw
  6678 | D        | Killed Ilsuiw
  6684 | D        | Reached skill level 5 in Dodging
  6719 | D        | Upgraded the game from 0.30-a0-458-g86641cc369 to
                  | 0.30-a0-459-g9104f0fc43
  7002 | D        | Noticed a nagaraja
  7002 | D        | Noticed a nagaraja
  7003 | D        | Noticed a nagaraja
  7011 | D        | Killed a nagaraja
  7018 | D        | Killed a nagaraja
  7019 | D        | Noticed a nagaraja
  7021 | D        | Killed a nagaraja
  7033 | D        | Killed a nagaraja
  7407 | D        | Got a serpentine rune of Zot
  7420 | D        | Noticed an emperor scorpion
  7420 | D        | Noticed an emperor scorpion
  7428 | D        | Killed an emperor scorpion
  7448 | D        | Killed an emperor scorpion
  7471 | D        | Got a gossamer rune of Zot
  7698 | D        | Got a decaying rune of Zot
  7826 | D        | Noticed Xtahua
  7832 | D        | Paralysed by Xtahua for 4 turns
  7838 | D        | Killed Xtahua
  7839 | D        | Reached skill level 10 in Dodging
  8229 | D        | Reached XP level 16. HP: 176/178 MP: 30/30
  8361 | D        | Noticed a tengu reaver
  8361 | D        | Noticed a tengu reaver
  8368 | D        | Noticed a lich
  8371 | D        | Killed a tengu reaver
  8371 | D        | Killed a lich
  8371 | D        | Killed from afar by a tengu reaver

Illustrated notes

Levels and vault maps discovered:
D:        linesprint [early_d, line_temple, items_1, d_10, items_2, lair_1,
          lair_end, items_3, orc_1, orc_end, items_4, d_15, swamp_1, shoals_1,
          snake_1, spider_1, d_20, vaults_1, items_5, swamp_end, shoals_end,
          snake_end, spider_end, vaults_end, d_27, items_6, zot_1, zot_end,
          crypt_end, forest_end, elf_end, slime_end, tomb_end, abyss_end,
          pan_hell_end]

Skill      XL: |  1  2  3  4  5  6  7  8  9 10 11 12 13 14 15 16 |
---------------+-------------------------------------------------+-----
Fighting       | 6 7 9 11 12 14 16 17 19 21 23 25 | 25.7
Axes           | 5 6 8 9 10 12 14 16 17 19 21 23 25 | 25.7
Armour         | 6 7 9 11 12 14 16 17 19 21 23 25 | 25.7
Shields        | 6 7 9 11 12 14 16 17 19 21 23 25 | 25.8
Invocations    | 9 13 17 20 23 24 | 24.7
Dodging        | 3 10 12 | 12.3

Action                   |  1- 3 |  4- 6 |  7- 9 | 10-12 | 13-15 | 16-18 || total
-------------------------+-------+-------+-------+-------+-------+-------++-------
Melee: War axe           |    10 |     5 |       |       |       |       ||    15
       Headbutt          |     1 |     3 |     9 |    60 |    90 |    25 ||   188
       Broad axe         |       |    12 |    35 |   247 |   381 |    94 ||   769
Invok: Wall of Briars    |       |       |       |     3 |       |       ||     3
       Grow Oklob        |       |       |       |     2 |       |       ||     2
       Upheaval          |       |       |       |     4 |     2 |       ||     6
       Disaster Area     |       |       |       |     2 |    15 |     2 ||    19
  Use: Potion            |     2 |       |       |    13 |     4 |     1 ||    20
       Scroll            |       |       |     2 |     4 |     6 |       ||    12
 Stab: Invisible         |       |       |       |     1 |       |       ||     1
       Confused          |       |       |       |     1 |       |       ||     1
Armor: Scale mail        |     6 |       |       |       |       |       ||     6
       Chain mail        |       |     3 |    13 |    35 |       |       ||    51
       Plate armour      |       |       |       |    41 |    95 |     7 ||   143
Dodge: Dodged            |     2 |     7 |    13 |    44 |    63 |     4 ||   133
Block: Buckler           |     1 |     6 |    13 |    85 |    69 |       ||   174
       Tower shield      |       |       |       |       |   250 |    53 ||   303

Table legend: (Time is in decaauts)
 A = Elapsed time spent in this place.
 B = Non-inter-level travel time spent in this place.
 C = Inter-level travel time spent in this place.
 D = Time resting spent in this place.
 E = Time spent auto-exploring this place.
 F = Levels seen in this place.
 G = Mean time per level.
                   A        B        C        D        E       F      G
               +--------+--------+--------+--------+--------+-----+--------+
         Total |   8184 |   7703 |    481 |   5193 |      0 |   1 | 8184.0 |
       Dungeon |   8184 |   7703 |    481 |   5193 |      0 |   1 | 8184.0 |
               +--------+--------+--------+--------+--------+-----+--------+

Top non-repeatable levels by time:
       D: 8184 daAuts
